 Dungeon Crawl Stone Soup version 0.28-a0-1613-gdaab1c2f9b (webtiles) character file.

Game seed: 14355719219691157757

53 vineage the Skirmisher (level 3, -4/26 HPs)
             Began as a Gargoyle Fighter on Jan 21, 2022.
             Slain by a gnoll (7 damage)
             ... on level 2 of the Dungeon.
             The game lasted 00:01:06 (1595 turns).

vineage the Skirmisher (Gargoyle Fighter)           Turns: 1595, Time: 00:01:06

Health: -4/26      AC: 12    Str: 21    XL:     3   Next: 89%
Magic:  3/3        EV:  9    Int:  8    God:
Gold:   27         SH:  4    Dex:  9    Spells: 2/2 levels left

rFire   + . .      SeeInvis .   a - +0 flail
rCold   . . .      Faith    .   c - +0 buckler
rNeg    + . .      Spirit   .   b - +0 scale mail
rPois   ∞          Reflect  .   (no helmet)
rElec   +          Harm     .   (no cloak)
rCorr   .          Rampage  .   (no gloves)
Will    .....                   (no boots)
Stlth   ..........              (no amulet)
HPRegen 0.08/turn               (no ring)
MPRegen 0.08/turn               (no ring)

@: mighty
A: sickness immunity, AC +3, negative energy resistance 1, electricity
resistance, torment resistance 1, petrification resistance, talons 1, iridescent
scales 1, fire resistance 1, robust 1
a: no special abilities


You were on level 2 of the Dungeon.
You visited 1 branch of the dungeon, and saw 2 of its levels.

You collected 27 gold pieces.

Inventory:

Hand Weapons
 a - a +0 flail (weapon)
Armour
 b - a +0 scale mail (worn)
 c - a +0 buckler (worn)
Jewellery
 h - a ring of ice
Scrolls
 e - a scroll of teleportation {unknown}
 f - a scroll of identify
Potions
 d - a potion of might
 i - a potion of attraction {unknown}


   Skills:
 * Level 4.1 Fighting
 + Level 2.5 Maces & Flails
 + Level 3.7 Armour
 + Level 3.7 Shields


You had 2 spell levels left.
You didn't know any spells.
Your spell library was empty.

Dungeon Overview and Level Annotations

Branches:
Dungeon (2/15)

Altars:


Innate Abilities, Weirdness & Mutations

You are immune to sickness and miasma.
Your stone body is resilient. (AC +3)
You are immune to poison.
You resist negative energy. (rN+)
You are resistant to electric shocks. (rElec)
You are resistant to unholy torment.
You are immune to petrification.
You have sharp toenails.
You are partially covered in iridescent scales. (AC +2)
Your flesh is heat resistant. (rF+)
You are robust. (+10% HP)


Message History

Your kick misses the gnoll.
The gnoll is heavily wounded.
You block the gnoll's attack. The gnoll barely misses you.
The gnoll hits you but does no damage.
You hit the gnoll but do no damage. Your kick misses the gnoll.
The gnoll is heavily wounded.
The gnoll hits you from afar with a +0 halberd!
The gnoll hits you with a +0 vorpal spear.
You hit the gnoll.
The gnoll is almost dead.
The gnoll hits you from afar with a +0 halberd!
* * * LOW HITPOINT WARNING * * *
The gnoll hits you with a +0 vorpal spear.
* * * LOW HITPOINT WARNING * * *
x2 The gnoll closely misses you.
The gnoll closely misses you.
Okay, then.
Okay, then.
You feel very mighty all of a sudden. You block the gnoll's attack.
A ball python comes into view.
You see here 18 gold pieces.
You feel better. The gnoll hits you but does no damage.
The ball python hisses angrily.
The gnoll hits you but does no damage.
You sock the gnoll!
You kill the gnoll!
Your Fighting skill increases to level 4!
You sock the gnoll!
The gnoll is severely wounded.
The gnoll hits you but does no damage.
The gnoll hits you from afar with a +0 halberd!
* * * LOW HITPOINT WARNING * * *
You bludgeon the gnoll!!
You kill the gnoll!
The gnoll barely misses you.
You see here 18 gold pieces.
Unknown command.
The gnoll hits you from afar with a +0 halberd!
You die...

#.# #.# #.# +# ..# ..## #.#
# ...## ##.# #.# ....##
##..# #...#
.....####...##########......
.....'..........@$gggS......
.....####...###########.)...
....## #.........# ... ...##
#.##.####.# . ..## #.##.#
#.# '## #.##.## #.# >#
#.##..# #.# .# #.###.# #.#
.## #.###.###.#


You could see 2 gnolls, a hobgoblin and a ball python.

Vanquished Creatures
  2 gnolls (D:2)
  2 adders (D:2)
  A ball python (D:2)
  3 endoplasms
  A goblin (D:1)
  A jackal (D:1)
  A kobold (D:1)
  3 frilled lizards (D:1)
  6 rats (D:1)
20 creatures vanquished.

Notes
Turn   | Place    | Note
-------+----------+-------------------------------------------
     0 | D:1      | vineage the Gargoyle Fighter began the quest for the Orb.
     0 | D:1      | Reached XP level 1. HP: 14/14 MP: 1/1
   305 | D:1      | Reached XP level 2. HP: 10/19 MP: 2/2
  1122 | D:1      | Gained mutation: You are robust. (+10% HP) [potion of
                  | mutation]
  1122 | D:1      | Gained mutation: You are partially covered in iridescent
                  | scales. (AC +2) [potion of mutation]
  1122 | D:1      | Gained mutation: You have sharp toenails. [potion of
                  | mutation]
  1122 | D:1      | Gained mutation: Your flesh is heat resistant. (rF+)
                  | [potion of mutation]
  1407 | D:2      | Reached XP level 3. HP: 20/26 MP: 3/3
  1592 | D:2      | Reached skill level 4 in Fighting
  1595 | D:2      | Slain by a gnoll

Illustrated notes

Levels and vault maps discovered:
D:1:      dpeg_arrival_prison, layout_loops_corners, minmay_vboxes
D:2:      layout_loops_corners, uniq_crazy_yiuf_cottage, uniq_sigmund

Skill      XL: |  1  2  3 |
---------------+----------+-----
Fighting       | 4 |  4.1
Maces & Flails | |  2.5
Armour         | |  3.7
Shields        | |  3.7

Action                   || total
-------------------------++-------
Melee: Flail             ||    77
       Kick              ||     3
  Use: Scroll            ||     2
       Potion            ||     3
Armor: Scale mail        ||    47
Dodge: Dodged            ||    37
Block: Buckler           ||    15

Table legend: (Time is in decaauts)
 A = Elapsed time spent in this place.
 B = Non-inter-level travel time spent in this place.
 C = Inter-level travel time spent in this place.
 D = Time resting spent in this place.
 E = Time spent auto-exploring this place.
 F = Levels seen in this place.
 G = Mean time per level.
                   A        B        C        D        E       F      G
               +--------+--------+--------+--------+--------+-----+--------+
         Total |   1620 |   1560 |     60 |      0 |   1394 |   2 |  810.0 |
       Dungeon |   1620 |   1560 |     60 |      0 |   1394 |   2 |  810.0 |
               +--------+--------+--------+--------+--------+-----+--------+

Top non-repeatable levels by time:
     D:1: 1195 daAuts
     D:2: 424 daAuts
